Map: Ephemeron LE

Players

Scarlett - Winner!

  • Race: Zerg Zerg
  • Spawn Location: 11:00

PartinG

  • Race: Protoss Protoss
  • League: Grandmaster
  • Spawn Location: 5:00

VOD

Have the link to the VOD?

Description

Time

  • Played on: Jan. 7, 2020, 6:29 p.m.
  • Length: 12:19
Show
View Real Time Build Order
Export as new Build Order

Scarlett Zerg - Winner!

Build Orders: Pool First, Muta Ling Bane 

Get SALT Encoding   

  12  0:00  Drone  
  13  0:12  Overlord  
  13  0:17  Drone  
  14  0:30  Drone x2  
  16  0:40  Spawning Pool  
  15  0:45  Drone  
  15  0:48  Drone  
  17  1:08  Hatchery  
  16  1:11  Drone  
  17  1:27  Zergling x4  
  17  1:28  Zergling x2  
  17  1:30  Queen  
  17  1:32  Extractor  
  21  1:39  Overlord  
  21  1:49  Drone  
  22  2:00  Drone  
  23  2:06  Queen  
  25  2:12  Drone  
  26  2:20  Drone  
  26  2:21  Queen  
  29  2:23  Overlord  
  29  2:34  Drone x2  
  31  2:44  Drone x4  
  33  2:53  Drone x2  
  33  2:54  Metabolic Boost  
  34  3:07  Zergling x2  
  34  3:08  Drone  
  36  3:13  Drone  
  36  3:14  Drone  
  36  3:17  Drone x6  
  44  3:25  Lair  
  44  3:31  Roach Warren  
  44  3:33  Drone  
  44  3:38  Overlord  
  44  3:45  Hatchery  
  43  3:48  Extractor  
  43  3:49  Drone  
  43  3:50  Extractor  
  43  3:51  Drone  
  43  3:54  Drone  
  44  3:56  Overlord  
  44  3:57  Drone  
  44  4:00  Drone x2  
  44  4:02  Drone  
  48  4:05  Overlord  
  48  4:09  Zergling x4  
  50  4:11  Roach  
  52  4:17  Overlord  
  52  4:19  Roach  
  52  4:21  Roach  
  52  4:23  Roach  
  58  4:25  Roach  
  58  4:26  Glial Reconstitution  
  60  4:31  Overseer  
  60  4:36  Extractor, Drone  
  60  4:37  Drone x3  
  63  4:44  Drone  
  64  4:53  Roach x5  
  74  5:02  Overseer  
  74  5:05  Drone, Overlord  
  74  5:06  Drone x3  
  78  5:15  Spire  
  76  5:22  Drone x4  
  78  5:36  Drone x12  
  89  5:43  Overlord  
  86  5:50  Overlord x2  
  86  5:56  Overlord  
  85  5:59  Roach  
  85  6:00  Roach  
  85  6:01  Overlord  
  85  6:02  Roach  
  85  6:03  Roach  
  93  6:12  Roach x5  
  93  6:16  Overlord  
  103  6:32  Spore Crawler  
  101  6:38  Mutalisk x6  
  101  6:39  Mutalisk  
  113  6:42  Zergling x10  
  113  6:46  Overlord x2  
  120  6:51  Overlord x2  
  120  6:57  Roach x3  
  126  7:05  Evolution Chamber  
  126  7:06  Roach  
  126  7:07  Roach  
  129  7:10  Drone x7  
  129  7:14  Queen  
  138  7:20  Overlord x3  
  138  7:24  Baneling Nest  
  137  7:31  Mutalisk x2  
  137  7:33  Drone x4  
  137  7:35  Extractor  
  137  7:36  Extractor  
  143  7:43  Drone x4  
  147  7:45  Evolution Chamber  
  146  7:52  Zerg Missile Weapons Level 1  
  146  7:54  Zergling x2  
  146  7:55  Zergling x14  
  155  8:06  Zergling x6  
  155  8:08  Centrifical Hooks  
  155  8:12  Hatchery  
  157  8:15  Evolution Chamber  
  156  8:26  Zergling x14  
  156  8:27  Zergling x4  
  165  8:32  Drone x2  
  165  8:35  Spine Crawler  
  165  8:38  Overlord  
  165  8:40  Zergling x6  
  167  8:41  Zerg Melee Weapons Level 1  
  167  8:42  Ravager  
  167  8:43  Ravager x10  
  167  8:45  Spore Crawler, Zergling x2  
  167  8:47  Spine Crawler  
  177  8:51  Zergling x10  
  182  8:57  Zergling x2  
  182  8:58  Ravager x3  
  184  9:05  Zergling x14  
  192  9:10  Zergling x2  
  192  9:15  Zergling x2  
  193  9:18  Zergling x8  
  193  9:19  Hatchery  
  193  9:22  Baneling x10  
  196  9:29  Baneling x11  
  196  9:30  Baneling  
  196  9:34  Baneling x4  
  196  9:36  Zergling x6  
  199  9:38  Baneling  
  199  9:39  Baneling  
  199  9:44  Baneling  
  199  9:45  Baneling x3  
  199  9:52  Zergling x4  
  186  9:53  Zergling x14  
  170  10:03  Zergling x14  
  170  10:06  Zergling x6  
  166  10:10  Baneling x10  
  166  10:11  Baneling x5  
  164  10:17  Zergling x2  
  164  10:18  Zergling x10  
  170  10:26  Baneling  
  170  10:27  Baneling x12  
  170  10:31  Zergling x8  
  174  10:36  Baneling  
  174  10:37  Baneling x5  
  174  10:38  Zergling x2  
  174  10:39  Zergling x4  
  156  10:57  Zergling x24  
  151  11:05  Zergling x12  
  151  11:06  Overseer  
  134  11:18  Zergling x10  
  134  11:19  Zergling x4  
  134  11:25  Zergling x6  
  137  11:32  Zergling x6  
  134  11:40  Zergling x10  
  136  11:55  Zergling x10  
  136  11:56  Zergling x6  
  136  11:58  Baneling x20  
  136  11:59  Baneling  
  144  12:07  Overseer  
Show
View Real Time Build Order
Export as new Build Order

PartinG Protoss 

Build Orders: 1 Gate Expand, Archon Immortal, Archon Drop, Dark Templar Rush 

Get SALT Encoding   

  12  0:00  Probe  
  13  0:13  Probe  
  14  0:18  Pylon  
  14  0:25  Probe  
  15  0:29  Assimilator  
  15  0:37  Probe (Chrono Boost)  
  16  0:43  Gateway  
  16  0:48  Probe (Chrono Boost)  
  17  0:53  Probe (Chrono Boost)  
  18  1:04  Probe  
  19  1:16  Probe  
  20  1:24  Nexus  
  20  1:33  Cybernetics Core  
  20  1:36  Probe  
  21  1:41  Assimilator  
  21  1:48  Probe  
  21  1:52  Pylon  
  22  2:00  Probe  
  23  2:06  Warp Gate (Chrono Boost)  
  23  2:07  Stalker (Chrono Boost)  
  23  2:13  Probe (Chrono Boost)  
  26  2:18  Twilight Council  
  27  2:23  Probe (Chrono Boost)  
  27  2:28  Probe (Chrono Boost)  
  27  2:35  Robotics Facility  
  27  2:54  Probe  
  26  3:03  Gateway  
  26  3:05  Dark Shrine  
  26  3:11  Shield Battery  
  26  3:13  Probe  
  26  3:17  Probe  
  28  3:27  Warp Prism (Chrono Boost)  
  28  3:34  Probe (Chrono Boost)  
  31  3:40  Probe (Chrono Boost)  
  31  3:41  Assimilator  
  32  3:46  Probe (Chrono Boost)  
  32  3:47  Assimilator  
  33  3:52  Probe (Chrono Boost)  
  33  3:53  Probe (Chrono Boost)  
  35  3:56  Observer  
  35  4:00  Pylon  
  35  4:01  Probe  
  37  4:03  Probe  
  38  4:15  Probe (Chrono Boost)  
  40  4:18  Probe (Chrono Boost)  
  40  4:19  Dark Templar x2  
  45  4:24  Probe (Chrono Boost)  
  45  4:26  Pylon  
  45  4:27  Probe (Chrono Boost)  
  46  4:31  Probe  
  46  4:37  Probe  
  48  4:43  Probe  
  49  4:49  Probe  
  49  4:52  Blink (Chrono Boost)  
  50  4:55  Probe  
  51  5:00  Dark Templar x2  
  51  5:01  Probe  
  56  5:07  Immortal (Chrono Boost)  
  56  5:08  Probe  
  56  5:12  Pylon  
  61  5:14  Pylon  
  61  5:20  Probe  
  62  5:30  Probe  
  62  5:32  Probe  
  63  5:42  Probe  
  63  5:45  Probe  
  63  5:46  Immortal  
  68  5:55  Probe, Archon, Dark Templar x2  
  72  5:57  Probe  
  72  5:59  Gateway  
  72  6:03  Forge  
  72  6:04  Archon  
  72  6:14  Nexus  
  72  6:17  Pylon  
  72  6:18  Pylon  
  72  6:19  Gateway  
  71  6:28  Sentry x2  
  71  6:31  Protoss Ground Weapons Level 1 (Chrono Boost)  
  75  6:34  Immortal (Chrono Boost)  
  79  6:42  Gateway  
  79  6:43  Gateway  
  79  6:47  Gateway  
  79  6:48  Probe x2  
  79  6:53  Photon Cannon  
  79  6:54  Sentry x2  
  83  6:55  Sentry  
  87  7:03  Shield Battery  
  87  7:05  Probe x2  
  89  7:17  Probe, Photon Cannon  
  89  7:19  Shield Battery  
  89  7:21  Photon Cannon  
  90  7:24  Stalker x2  
  94  7:34  Stalker x2  
  94  7:36  Probe x2  
  96  7:44  Stalker x2  
  96  7:50  Probe x2  
  99  7:55  Stalker x2  
  99  7:56  Stalker  
  105  8:04  Pylon  
  105  8:05  Probe x2, Pylon  
  106  8:06  Probe  
  108  8:14  Stalker  
  108  8:23  Stalker x2  
  108  8:25  Protoss Ground Weapons Level 2 (Chrono Boost)  
  112  8:29  Immortal (Chrono Boost)  
  112  8:30  Probe x2  
  112  8:31  Probe  
  117  8:38  Observer  
  117  8:40  Stalker x2  
  121  8:47  Probe x3  
  124  8:53  Templar Archives  
  124  8:56  Assimilator  
  124  8:57  Assimilator  
  124  9:07  Pylon x2  
  124  9:09  Pylon  
  124  9:13  Pylon  
  124  9:21  Shield Battery  
  124  9:22  Shield Battery  
  124  9:29  Dark Templar x3  
  124  9:30  Dark Templar  
  124  9:31  Stalker x2  
  135  9:35  Archon x2  
  135  9:36  Stalker  
  137  9:44  Pylon  
  125  9:59  Immortal  
  109  10:04  Stalker x5  
  107  10:11  High Templar x2  
  115  10:15  Archon  
  115  10:27  Shield Battery  
  115  10:29  Sentry, Shield Battery  
  115  10:30  Sentry x2, Shield Battery  
  115  10:31  Sentry  
  115  10:33  Stalker  
  125  10:37  Probe x3  
  116  11:00  Stalker x7  
  56  11:23  Stalker x5  
  60  11:27  Stalker  
  62  11:33  Stalker  
  64  11:48  Stalker x3  
  70  11:55  Stalker x2  
Tags
 
Add a new tag
Caveats
  • Supply blocks, unpowered buildings, or Contaminate may cause inaccurate times.
  • Supply counts are checked every 10 seconds.